 Dungeon Crawl Stone Soup version 0.27.1-34-g3ba077fa99 (webtiles) character file.

Game seed: 10691367401930318836

49 DildoBatman the Conjurer (level 4, -3/30 HPs)
             Began as a Formicid Conjurer on Jan 19, 2022.
             Killed from afar by a white imp (7 damage)
             ... with a puff of frost
             ... on level 6 of the Dungeon.
             The game lasted 00:04:08 (1175 turns).

DildoBatman the Conjurer (Formicid Conjurer)        Turns: 1175, Time: 00:04:09

Health: -3/30      AC:  3    Str: 12    XL:     4   Next: 1%
Magic:  5/7        EV: 12    Int: 17    God:
Gold:   86         SH:  0    Dex: 16    Spells: 5/8 levels left

rFire    . . .     SeeInvis +   d - +0 whip
rCold    . . .     Faith    .   (no shield)
rNeg     . . .     Spirit   .   a - +0 robe
rPois    .         Reflect  .   (helmet unavailable)
rElec    .         Harm     .   (no cloak)
rCorr    .         Rampage  .   j - +0 pair of gloves
Will     .....                  (no boots)
Stlth    ++........             (no amulet)
HPRegen  0.10/turn              e - +6 ring of dexterity
MPRegen  0.10/turn              (no ring)

@: no status effects
A: permanent stasis, dig shafts and tunnels, antennae 3, four strong arms
a: Dig, Shaft Self


You were on level 6 of the Dungeon.
You visited 1 branch of the dungeon, and saw 5 of its levels.

You collected 86 gold pieces.

Inventory:

Hand Weapons
 d - a +0 whip (weapon)
Missiles
 f - 3 javelins
 h - 10 poisoned darts
 k - 37 stones
Armour
 a - a +0 robe (worn)
 c - a +0 tower shield
 j - a +0 pair of gloves (worn)
Jewellery
 e - a +6 ring of dexterity (left hand)
Scrolls
 g - a scroll of identify {unknown}
Potions
 b - a potion of curing {unknown}
 i - 2 potions of ambrosia {unknown}


   Skills:
 - Level 1.7 Dodging
 - Level 2.4 Stealth
 * Level 2.5 Spellcasting
 * Level 4.7 Conjurations


You had 5 spell levels left.
You knew the following spells:

 Your Spells              Type           Power      Damage    Failure   Level
a - Searing Ray           Conj           36%        3d4       4%          2
c - Magic Dart            Conj           72%        1d6       2%          1

Your spell library contained the following spells:

 Spells                   Type           Power      Damage    Failure   Level
 Dazzling Flash           Conj/Hex       20%        N/A       22%         3
 Mephitic Cloud           Conj/Pois/Air  7%         N/A       28%         3
 Gell's Gravitas          Tloc           1%         N/A       50%         3
 Ignite Poison            Fire/Tmut/Pois 2%         N/A       50%         3
 Teleport Other           Tloc           2%         N/A       50%         3
 Fulminant Prism          Conj/Hex       5%         3d7       56%         4
 Iskenderun's Mystic Bla  Conj/Tloc      10%        2d4       56%         4
 Bolt of Magma            Conj/Fire/Erth 3%         4d5       95%         5
 Dispersal                Tloc           1%         N/A       100%        6


Dungeon Overview and Level Annotations

Branches:
Dungeon (3/15)

Altars:
Zin

Shops:
D:1 =


Innate Abilities, Weirdness & Mutations

You cannot be hasted, slowed, berserked, paralysed or teleported.
You can dig through walls and to a lower floor.
You have a pair of large antennae on your head. (SInv)
Your four strong arms can wield two-handed weapons with a shield.


Message History

You shout for attention!
The white imp barely misses you. What are your orders? t - Shout!
Orders for allies: a - Attack new target. r - Retreat! s - Stop attacking. g - Guard the area. f - Follow me.
Anything else - Cancel.
You shout for attention!
The white imp hits you. The white imp freezes you.
What are your orders? t - Shout!
Orders for allies: a - Attack new target. r - Retreat! s - Stop attacking. g - Guard the area. f - Follow me.
Anything else - Cancel.
You shout for attention!
The white imp hits you. The white imp freezes you.
What are your orders? t - Shout!
Orders for allies: a - Attack new target. r - Retreat! s - Stop attacking. g - Guard the area. f - Follow me.
Anything else - Cancel.
You shout for attention!
A water moccasin skeleton comes into view.
The white imp hits you but does no damage.
What are your orders? t - Shout!
Orders for allies: a - Attack new target. r - Retreat! s - Stop attacking. g - Guard the area. f - Follow me.
Anything else - Cancel.
You shout for attention!
The white imp shouts, "Begone, thou dissembling dizzy-eyed dandiprat!"
The white imp gestures at you. The puff of frost hits you!
You die...

#### .....
##### ######
... ..$..##
.#####.#.......
.......@.#
.Z.....5.#
###.####.# # ..
###


You could see a white imp and a water moccasin skeleton.

Vanquished Creatures
  An adder (D:2)
  A worm (D:2)
  A dart slug (D:3)
  6 ball pythons
  An endoplasm (D:2)
  3 goblins (D:1)
  6 hobgoblins
  3 jackals (D:1)
  2 kobolds (D:2)
  2 quokkas (D:1)
  2 bats
  2 frilled lizards (D:1)
  4 rats
34 creatures vanquished.

Notes
Turn   | Place    | Note
-------+----------+-------------------------------------------
     0 | D:1      | DildoBatman the Formicid Conjurer began the quest for the
                  | Orb.
     0 | D:1      | Reached XP level 1. HP: 13/13 MP: 3/3
   190 | D:1      | Found Utokhleg's Jewellery Emporium.
   198 | D:1      | Reached XP level 2. HP: 18/19 MP: 1/5
   201 | D:1      | Learned a level 2 spell: Searing Ray
   226 | D:1      | Reached skill level 4 in Conjurations
   278 | D:1      | Found a faded altar of an unknown god.
   504 | D:1      | Reached XP level 3. HP: 24/24 MP: 6/6
  1115 | D:3      | Found a glowing silver altar of Zin.
  1152 | D:3      | Reached XP level 4. HP: 27/30 MP: 3/7
  1154 | D:3      | You fall into a shaft and drop 1 floor!
  1161 | D:4      | You fall into a shaft and drop 2 floors!
  1175 | D:6      | Killed from afar by a white imp

Illustrated notes

Levels and vault maps discovered:
D:1:      dpeg_arrival_radiant, layout_rooms, basic_ecumenical_altar,
          serial_shops, shop, grunt_decor_fettered, nrook_campfire
D:2:      layout_rooms
D:3:      layout_basic, mainiacjoe_overflow_catwalk, old_standard_altar
D:4:      layout_basic, nicolae_overflow_hidden_temple, uniq_grinder,
          uniq_eustachio
D:6:      layout_loops_ring, minmay_temple_entry_from_below_a,
          gup_sewer_entry_spiral, serial_co_window_serial, co_window_corner_a,
          co_window_paths_a, co_window_paths_a, co_window_paths_a,
          co_window_paths_b, co_window_cross_3, co_window_paths_c,
          co_window_2corner, co_window_paths_c, co_window_paths_e,
          co_window_paths_d, glass_columns_a, glass_columns_a, enter_ossuary_4,
          kennysheep_doodads, uniq_prince_ribbit1, uniq_duvessa, uniq_edmund

Skill      XL: |  1  2 |
---------------+-------+-----
Conjurations   | 4 |  4.7
Dodging        | |  1.7
Stealth        | |  2.4
Spellcasting   | |  2.5

Action                   |  1- 3 |  4- 6 || total
-------------------------+-------+-------++-------
Melee: Whip              |    30 |       ||    30
       Unarmed           |     2 |       ||     2
 Cast: Magic Dart        |    20 |       ||    20
       Searing Ray       |     9 |       ||     9
 Abil: Dig               |     1 |       ||     1
       Shaft Self        |       |     2 ||     2
 Stab: Sleeping          |     2 |       ||     2
Armor: Robe              |     5 |     1 ||     6
Dodge: Dodged            |    28 |     6 ||    34
